[ AOE2 MATCH · #506634737 ]
UnrankedShu vs Japanese
Player's team · LOSS
Rival team · WIN
[ REPLAY ANALYSIS · EXTRACTED FROM THE RECORDED GAME ]
Feudal
8:53
Castle
29:06
Imperial
—
| APM avg | 54.0 |
| APM peak | 137 |
| eAPM avg | 33.6 |
| Villagers / military | 147 / 5 |
Focus
⚔️ 31.9% · 🌾 68.1%
Mangonel ×5 · Unknown (1962) ×3
Feudal
9:06
Castle
28:29
Imperial
—
| APM avg | 49.1 |
| APM peak | 94 |
| eAPM avg | 25.8 |
| Villagers / military | 98 / 65 |
Focus
⚔️ 41.9% · 🌾 58.1%
Samurai ×47 · Militia ×7 · Battering Ram ×6 · Mangonel ×3 · Monk ×2
Match map
Initial resources + every placement click. Lines = walls · curves = elevation contours. ◆ gold · ⬟ stone · ● berries · ✦ relic · ◌ wall gap
Your base· ✓ Closed at 29:06 · 15t walls · 4 gate(s)
koteshii's base· ✓ Closed at 28:29 · 9t walls · 3 gate(s) · fragile
Smoothed initial terrain · ◌ = detected wall gap · hover for details
Inputs per minute
— No soy Masche - - koteshii
Build order — No soy Masche
First 150 of 261 actions detected
| 0:01 | Queue | Villager (Male) |
| 0:01 | Queue | Villager (Male) |
| 0:01 | Queue | Villager (Male) |
| 0:02 | Build | House |
| 0:04 | Build | House |
| 0:08 | Queue | Villager (Male) |
| 0:08 | Queue | Villager (Male) |
| 1:26 | Queue | Villager (Male) |
| 1:27 | Queue | Villager (Male) |
| 2:08 | Queue | Villager (Male) |
| 2:08 | Queue | Villager (Male) |
| 2:11 | Queue | Villager (Male) |
| 2:11 | Queue | Villager (Male) |
| 2:13 | Build | Lumber Camp |
| 2:38 | Queue | Villager (Male) |
| 2:39 | Queue | Villager (Male) |
| 3:04 | Queue | Villager (Male) |
| 3:04 | Queue | Villager (Male) |
| 3:30 | Queue | Villager (Male) |
| 3:30 | Queue | Villager (Male) |
| 3:51 | Build | House |
| 3:53 | Queue | Villager (Male) |
| 3:54 | Queue | Villager (Male) |
| 4:34 | Build | Mining Camp |
| 4:50 | Queue | Villager (Male) |
| 4:51 | Queue | Villager (Male) |
| 4:51 | Queue | Villager (Male) |
| 5:20 | Queue | Villager (Male) |
| 5:29 | Queue | Villager (Male) |
| 5:33 | Research | Loom |
| 6:25 | Research | Feudal Age |
| 6:40 | Build | House |
| 7:15 | Queue | Villager (Male) |
| 7:19 | Build | House |
| 7:52 | Queue | Villager (Male) |
| 8:14 | Queue | Villager (Male) |
| 8:41 | Queue | Villager (Male) |
| 8:53 | Age | Feudal Age |
| 8:56 | Build | Watch Tower |
| 9:07 | Build | Blacksmith |
| 9:14 | Research | Double-Bit Axe |
| 9:32 | Build | Watch Tower |
| 9:37 | Queue | Villager (Male) |
| 9:42 | Build | House |
| 10:03 | Queue | Villager (Male) |
| 10:07 | Research | Fletching |
| 10:08 | Research | Fletching |
| 10:25 | Queue | Villager (Male) |
| 10:49 | Queue | Villager (Male) |
| 10:49 | Queue | Villager (Male) |
| 11:13 | Queue | Villager (Male) |
| 11:22 | Build | Watch Tower |
| 11:51 | Queue | Villager (Male) |
| 11:51 | Queue | Villager (Male) |
| 11:51 | Queue | Villager (Male) |
| 12:09 | Queue | Villager (Male) |
| 12:09 | Queue | Villager (Male) |
| 12:28 | Build | Mill |
| 12:53 | Queue | Villager (Male) |
| 12:53 | Queue | Villager (Male) |
| 12:55 | Build | Farm |
| 13:35 | Build | Farm |
| 13:45 | Queue | Villager (Male) |
| 13:45 | Queue | Villager (Male) |
| 13:49 | Build | Watch Tower |
| 13:59 | Build | House |
| 14:02 | Build | House |
| 14:51 | Queue | Villager (Male) |
| 14:54 | Build | Farm |
| 14:57 | Build | Farm |
| 14:58 | Build | Farm |
| 15:17 | Queue | Villager (Male) |
| 15:18 | Queue | Villager (Male) |
| 15:28 | Build | Farm |
| 15:37 | Queue | Villager (Male) |
| 15:52 | Build | Stone Wall |
| 16:08 | Queue | Villager (Male) |
| 16:11 | Build | Farm |
| 16:18 | Build | Palisade Wall |
| 16:18 | Build | Palisade Wall |
| 16:19 | Build | Palisade Wall |
| 16:20 | Build | Palisade Wall |
| 16:25 | Queue | Villager (Male) |
| 16:26 | Queue | Villager (Male) |
| 16:43 | Queue | Villager (Male) |
| 16:43 | Queue | Villager (Male) |
| 16:58 | Queue | Villager (Male) |
| 16:58 | Queue | Villager (Male) |
| 17:01 | Build | Palisade Gate |
| 17:16 | Queue | Villager (Male) |
| 17:35 | Build | House |
| 17:37 | Queue | Villager (Male) |
| 17:49 | Build | Market |
| 18:09 | Queue | Villager (Male) |
| 18:09 | Queue | Villager (Male) |
| 18:14 | Build | Mining Camp |
| 18:25 | Queue | Villager (Male) |
| 18:25 | Queue | Villager (Male) |
| 18:28 | Build | Farm |
| 18:29 | Build | Farm |
| 18:41 | Queue | Villager (Male) |
| 18:59 | Build | Mining Camp |
| 19:00 | Queue | Villager (Male) |
| 19:01 | Queue | Villager (Male) |
| 19:01 | Queue | Villager (Male) |
| 19:11 | Build | Farm |
| 19:17 | Queue | Villager (Male) |
| 19:17 | Queue | Villager (Male) |
| 19:31 | Build | Palisade Wall |
| 19:32 | Build | Palisade Wall |
| 19:32 | Build | Palisade Wall |
| 19:33 | Build | Palisade Wall |
| 19:35 | Queue | Villager (Male) |
| 19:43 | Queue | Villager (Male) |
| 19:43 | Queue | Villager (Male) |
| 20:09 | Queue | Villager (Male) |
| 20:20 | Build | Farm |
| 20:37 | Research | Town Watch |
| 20:38 | Research | Town Watch |
| 20:40 | Queue | Villager (Male) |
| 20:56 | Queue | Villager (Male) |
| 20:57 | Queue | Villager (Male) |
| 21:05 | Build | Watch Tower |
| 21:11 | Build | Watch Tower |
| 21:16 | Queue | Villager (Male) |
| 21:16 | Queue | Villager (Male) |
| 21:17 | Queue | Villager (Male) |
| 21:22 | Queue | Villager (Male) |
| 21:22 | Queue | Villager (Male) |
| 21:47 | Queue | Villager (Male) |
| 21:53 | Queue | Villager (Male) |
| 22:10 | Queue | Villager (Male) |
| 22:11 | Queue | Villager (Male) |
| 22:11 | Queue | Villager (Male) |
| 22:11 | Queue | Villager (Male) |
| 22:39 | Queue | Villager (Male) |
| 22:39 | Queue | Villager (Male) |
| 23:20 | Queue | Villager (Male) |
| 23:43 | Build | House |
| 23:45 | Build | House |
| 23:46 | Queue | Villager (Male) |
| 24:16 | Queue | Villager (Male) |
| 24:24 | Build | House |
| 24:44 | Build | Palisade Wall |
| 24:45 | Build | Palisade Wall |
| 24:47 | Build | Palisade Wall |
| 24:48 | Build | Palisade Wall |
| 24:49 | Build | Palisade Wall |
| 25:10 | Queue | Villager (Male) |
| 25:10 | Queue | Villager (Male) |
Build order — koteshii
First 150 of 266 actions detected
| 0:00 | Queue | Villager (Male) |
| 0:01 | Queue | Villager (Male) |
| 0:01 | Build | House |
| 0:02 | Build | House |
| 0:15 | Queue | Villager (Male) |
| 0:15 | Queue | Villager (Male) |
| 0:15 | Queue | Villager (Male) |
| 1:22 | Queue | Villager (Male) |
| 1:22 | Queue | Villager (Male) |
| 1:22 | Queue | Villager (Male) |
| 1:59 | Build | Lumber Camp |
| 2:12 | Queue | Villager (Male) |
| 2:12 | Queue | Villager (Male) |
| 2:12 | Queue | Villager (Male) |
| 2:21 | Queue | Villager (Male) |
| 2:21 | Queue | Villager (Male) |
| 2:21 | Queue | Villager (Male) |
| 2:55 | Queue | Villager (Male) |
| 3:19 | Queue | Villager (Male) |
| 3:35 | Queue | Villager (Male) |
| 3:36 | Queue | Villager (Male) |
| 4:11 | Queue | Villager (Male) |
| 4:35 | Queue | Villager (Male) |
| 4:36 | Queue | Villager (Male) |
| 4:36 | Queue | Villager (Male) |
| 4:46 | Research | Loom |
| 4:50 | Build | House |
| 5:07 | Queue | Villager (Male) |
| 5:15 | Queue | Villager (Male) |
| 5:26 | Queue | Villager (Male) |
| 5:38 | Build | Barracks |
| 6:16 | Build | Mining Camp |
| 6:38 | Queue | Villager (Male) |
| 6:38 | Queue | Villager (Male) |
| 6:52 | Queue | Militia |
| 6:52 | Queue | Militia |
| 6:56 | Research | Feudal Age |
| 6:56 | Research | Feudal Age |
| 6:57 | Queue | Militia |
| 7:04 | Build | Mining Camp |
| 7:09 | Queue | Militia |
| 7:28 | Build | House |
| 7:32 | Queue | Militia |
| 7:55 | Queue | Militia |
| 8:04 | Build | House |
| 8:38 | Queue | Villager (Male) |
| 9:06 | Age | Feudal Age |
| 9:06 | Research | Man-at-Arms (upgrade) |
| 9:07 | Research | Man-at-Arms (upgrade) |
| 9:32 | Build | Watch Tower |
| 9:34 | Queue | Villager (Male) |
| 9:58 | Queue | Villager (Male) |
| 10:02 | Build | Watch Tower |
| 10:20 | Queue | Villager (Male) |
| 10:38 | Queue | Villager (Male) |
| 10:50 | Build | Blacksmith |
| 12:50 | Build | Watch Tower |
| 14:22 | Build | Mill |
| 14:51 | Build | Watch Tower |
| 14:53 | Build | Watch Tower |
| 15:26 | Queue | Villager (Male) |
| 15:26 | Queue | Villager (Male) |
| 15:34 | Build | Palisade Wall |
| 15:35 | Build | Palisade Wall |
| 15:35 | Build | Palisade Wall |
| 15:53 | Build | Palisade Wall |
| 15:53 | Build | Palisade Wall |
| 15:54 | Build | Palisade Wall |
| 16:09 | Queue | Villager (Male) |
| 16:14 | Build | Farm |
| 16:15 | Build | Farm |
| 16:17 | Build | Farm |
| 16:30 | Build | Watch Tower |
| 16:30 | Queue | Villager (Male) |
| 16:35 | Build | Farm |
| 16:54 | Queue | Villager (Male) |
| 17:19 | Queue | Villager (Male) |
| 17:22 | Build | Farm |
| 17:38 | Build | Palisade Wall |
| 17:39 | Build | Palisade Wall |
| 17:43 | Queue | Villager (Male) |
| 17:48 | Build | Watch Tower |
| 18:05 | Queue | Villager (Male) |
| 18:09 | Build | Farm |
| 18:26 | Queue | Villager (Male) |
| 18:45 | Build | House |
| 18:46 | Build | House |
| 19:00 | Build | Watch Tower |
| 19:04 | Queue | Villager (Male) |
| 19:10 | Research | Fletching |
| 19:11 | Research | Fletching |
| 19:18 | Queue | Villager (Male) |
| 19:26 | Build | Farm |
| 19:39 | Queue | Villager (Male) |
| 20:07 | Build | Watch Tower |
| 20:13 | Queue | Villager (Male) |
| 20:18 | Build | Farm |
| 20:36 | Queue | Villager (Male) |
| 20:40 | Build | Farm |
| 20:48 | Queue | Villager (Male) |
| 21:12 | Build | Watch Tower |
| 21:23 | Queue | Villager (Male) |
| 21:49 | Queue | Villager (Male) |
| 22:03 | Build | House |
| 22:04 | Build | House |
| 22:06 | Build | Farm |
| 22:28 | Queue | Villager (Male) |
| 22:37 | Build | Farm |
| 22:56 | Build | Farm |
| 22:58 | Build | Farm |
| 23:16 | Queue | Villager (Male) |
| 23:19 | Build | House |
| 23:41 | Queue | Villager (Male) |
| 24:16 | Queue | Villager (Male) |
| 24:21 | Build | Market |
| 24:27 | Queue | Villager (Male) |
| 24:40 | Build | Palisade Wall |
| 25:24 | Queue | Villager (Male) |
| 25:33 | Queue | Villager (Male) |
| 25:34 | Build | Farm |
| 25:34 | Build | Farm |
| 25:38 | Research | Castle Age |
| 26:29 | Queue | Militia |
| 27:09 | Research | Double-Bit Axe |
| 27:11 | Queue | Villager (Male) |
| 27:11 | Queue | Villager (Male) |
| 27:44 | Build | House |
| 28:01 | Build | House |
| 28:29 | Age | Castle Age |
| 28:30 | Build | Castle |
| 28:32 | Build | Monastery |
| 28:41 | Research | Bow Saw |
| 28:41 | Research | Bow Saw |
| 28:42 | Queue | Villager (Male) |
| 29:01 | Queue | Monk |
| 29:12 | Queue | Villager (Male) |
| 29:13 | Build | Stone Wall |
| 29:32 | Build | Mining Camp |
| 29:37 | Queue | Samurai |
| 29:38 | Queue | Samurai |
| 29:38 | Queue | Samurai |
| 29:38 | Queue | Samurai |
| 29:42 | Queue | Samurai |
| 29:43 | Queue | Villager (Male) |
| 29:44 | Research | Scale Mail Armor |
| 29:44 | Research | Scale Mail Armor |
| 29:48 | Build | Siege Workshop |
| 30:03 | Build | Farm |
| 30:03 | Queue | Villager (Male) |
| 30:29 | Queue | Battering Ram |
Match timeline
| 5:38 | koteshii · first_building Barracks |
| 8:53 | No soy Masche · age_up feudal |
| 9:06 | koteshii · age_up feudal |
| 15:34 | koteshii · wall_segment Palisade Wall x4 |
| 15:35 | koteshii · wall_segment Palisade Wall x3 |
| 15:35 | koteshii · wall_segment Palisade Wall x1 |
| 15:52 | No soy Masche · wall_segment Stone Wall x1 |
| 15:53 | koteshii · wall_segment Palisade Wall x1 |
| 15:53 | koteshii · wall_segment Palisade Wall x1 |
| 15:54 | koteshii · wall_segment Palisade Wall x1 |
| 16:18 | No soy Masche · wall_segment Palisade Wall x1 |
| 16:18 | No soy Masche · wall_segment Palisade Wall x1 |
| 16:19 | No soy Masche · wall_segment Palisade Wall x1 |
| 16:20 | No soy Masche · wall_segment Palisade Wall x1 |
| 17:38 | koteshii · wall_segment Palisade Wall x1 |
| 17:39 | koteshii · wall_segment Palisade Wall x1 |
| 19:31 | No soy Masche · wall_segment Palisade Wall x1 |
| 19:32 | No soy Masche · wall_segment Palisade Wall x1 |
| 19:32 | No soy Masche · wall_segment Palisade Wall x1 |
| 19:33 | No soy Masche · wall_segment Palisade Wall x1 |
| 24:40 | koteshii · wall_segment Palisade Wall x1 |
| 24:44 | No soy Masche · wall_segment Palisade Wall x1 |
| 24:45 | No soy Masche · wall_segment Palisade Wall x1 |
| 24:47 | No soy Masche · wall_segment Palisade Wall x2 |
| 24:48 | No soy Masche · wall_segment Palisade Wall x1 |
| 24:49 | No soy Masche · wall_segment Palisade Wall x1 |
| 25:33 | No soy Masche · wall_segment Palisade Wall x1 |
| 25:52 | No soy Masche · wall_segment Palisade Wall x1 |
| 26:13 | No soy Masche · first_market_sell 500 wood |
| 26:19 | No soy Masche · first_market_buy 100 food |
| 26:39 | No soy Masche · wall_segment Stone Wall x1 |
| 28:29 | koteshii · age_up castle |
| 28:30 | koteshii · first_building Castle |
| 28:32 | koteshii · first_building Monastery |
| 29:06 | No soy Masche · age_up castle |
| 29:13 | koteshii · wall_segment Stone Wall x1 |
| 29:14 | No soy Masche · first_building Castle |
| 29:48 | koteshii · first_building Siege Workshop |
| 29:57 | No soy Masche · first_building Siege Workshop |
| 30:27 | koteshii · first_market_buy 100 wood |
| 30:39 | No soy Masche · wall_segment Stone Wall x5 |
| 30:40 | No soy Masche · wall_segment Stone Wall x2 |
| 31:54 | koteshii · first_market_sell 100 stone |
| 33:01 | No soy Masche · wall_segment Stone Wall x3 |
| 33:07 | No soy Masche · wall_segment Stone Wall x10 |
| 34:36 | No soy Masche · wall_segment Stone Wall x4 |
| 34:38 | No soy Masche · wall_segment Stone Wall x1 |
| 40:11 | No soy Masche · resign |
[ AI ANALYSIS · 1 CREDIT ]
What really happened in this match?
Wolo.gg analyzes every decision: build order, eco, micro, common mistakes by bracket. Personalized analysis on WhatsApp or Discord in 30 seconds.
Civ guide
Shu
Perfil
Jugador #2716438